 Dungeon Sprint DCSS version 0.17-a0-1691-g18a3847 (webtiles) character file.

2724 patman the Sharpshooter (level 9, -12/73 HPs)
             Began as a Deep Dwarf Warper on Aug 20, 2015.
             Was the Champion of Makhleb.
             Hit by a large rock thrown by a cyclops (34 damage)
             ... in the Dungeon (Sprint V: "Ziggurat Sprint").
             The game lasted 00:08:07 (341 turns).

patman the Sharpshooter (Deep Dwarf Warper)          Turns: 341, Time: 00:08:07

Health: -12/73     AC: 19    Str: 31    XL:     9   Next: 40%
Magic:  11/11      EV:  6    Int: 13    God:    Makhleb [******]
Gold:   0          SH:  0    Dex: 12    Spells: 3 memorised, 5 levels left

rFire  . . .     SeeInvis +     O - +15 heavy crossbow "Sniper" {velocity, SInv}
rCold  . . .     Clarity  .     Q - +5 crystal plate armour
rNeg   . . .     SustAt   .     (no shield)
rPois  .         Gourm    .     (no helmet)
rElec  .         Spirit   .     (no cloak)
rCorr  .         Warding  .     (no gloves)
rMut   .         NoTele   +     (no boots)
MR     +....                    (no amulet)
Stlth  ..........               N - +6 ring of strength
                                M - +6 ring of strength

@: very slightly contaminated, non-regenerating, somewhat resistant to hostile
enchantments, extremely unstealthy
A: damage resistance, recharge devices, sense surroundings 2, slow healing 3
a: Device Recharging, Minor Destruction, Lesser Servant of Makhleb, Major
Destruction, Greater Servant of Makhleb, Renounce Religion


You were in the Dungeon.
You worshipped Makhleb.
Makhleb was exalted by your worship.
You were not hungry.

You visited 1 branch

Inventory:

Hand weapons
 a - a +5 arbalest
 m - a +5 hand crossbow
 n - a +5 triple crossbow
 O - the +15 heavy crossbow "Sniper" (weapon) {velocity, SInv}
   (You found it in the Dungeon)

   Any bolt fired from it inflicts extra damage.
   It lets you see invisible.
 P - the +8 lance "Wyrmbane" {slay drac, +Rage rPois rF+ AC+5}
   (You found it in the Dungeon)

   It affects your AC (+5).
   It protects you from fire.
   It protects you from poison.
   It lets you go berserk.
 T - the +7 longbow "Piercer" {penet, EV-2}
   (You found it in the Dungeon)

   Ammo fired by it will pass through the targets it hits, potentially hitting
   all targets in its path until it reaches maximum range.
   It affects your evasion (-2).
Missiles
 e - 5 tomahawks of dispersal
 o - 987 bolts (quivered)
 W - 5 tomahawks
Armour
 b - a +0 leather armour
 Q - a +5 crystal plate armour (worn)
 R - a +5 gold dragon armour
 S - a +5 shadow dragon armour
Rods
 V - a +1 rod of destruction (4/13)
   (You took it off a merfolk in the Dungeon)
Jewellery
 I - a +6 ring of dexterity
 J - a +6 ring of dexterity
 K - a +6 ring of intelligence
 L - a +6 ring of intelligence
 M - a +6 ring of strength (left hand)
 N - a +6 ring of strength (right hand)
Magical devices
 f - a wand of heal wounds (4)
 y - a wand of disintegration (7)
 C - a wand of hasting (4)
 F - a wand of fire (5)
 G - a wand of cold (5)
 H - a wand of draining (5)
Scrolls
 d - 4 scrolls of blinking
 r - 4 scrolls of amnesia
 s - 3 scrolls of recharging
 t - 7 scrolls of fog
 u - a scroll of holy word
 v - 4 scrolls of identify
 w - 5 scrolls of remove curse
 x - 2 scrolls of fear
 X - a scroll of brand weapon
Potions
 h - 10 potions of curing
 i - 5 potions of heal wounds
 j - 5 potions of haste
 k - 7 potions of magic
 l - 3 potions of berserk rage
 z - 2 potions of brilliance
 A - 2 potions of invisibility
 B - 4 potions of resistance
 D - 5 potions of agility
 E - 5 potions of might
Books
 c - a book of Spatial Translocations

   Spells                             Type                      Level
   a - Apportation                    Translocation                1
   b - Blink                          Translocation                2
   c - Shroud of Golubria             Charms/Translocation         2
   d - Portal Projectile              Translocation                3
   e - Teleport Other                 Translocation                3
   f - Passage of Golubria            Translocation                4
Miscellaneous
 U - a fan of gales
Comestibles
 g - 5 bread rations
 p - 42 fruits
 q - 4 meat rations


   Skills:
 - Level 1.7 Fighting
 - Level 1.7 Polearms
 * Level 19.5 Crossbows
 - Level 0.8 Throwing
 - Level 1.1 Armour
 - Level 2.1 Dodging
 - Level 1.7 Spellcasting
 - Level 11.1 Translocations


You had 5 spell levels left.
You knew the following spells:

 Your Spells              Type           Power        Failure   Level  Hunger
a - Apportation           Tloc           ####......   14%         1    ##.....
f - Portal Projectile     Tloc           ####..       41%         3    ####...
B - Blink                 Tloc           N/A          21%         2    ###....


Dungeon Overview and Level Annotations

Branches:
Dungeon (1/1)

Altars:
Ashenzari
Cheibriados
Dithmenos
Elyvilon
Fedhas
Gozag
Kikubaaqudgha
Makhleb
Nemelex Xobeh
Okawaru
Qazlal
Ru
Sif Muna
Trog
Vehumet
Xom
Yredelemnul
Zin
The Shining One
Beogh
Jiyva
Lugonu


Innate Abilities, Weirdness & Mutations

You are resistant to damage.
You can recharge devices by infusing magical energy.
You passively map the area around you.
You do not heal naturally.


Message History

Aim: a cyclops (heavily wounded)
You shoot a bolt. The bolt hits the cyclops!
The cyclops is severely wounded.
The centaur shoots an arrow of frost.
The arrow of frost hits you but does no damage.
The arrow of frost freezes you. The sheep bites you.
The merfolk barely misses you.
The centaur unwields an uncursed shortbow.
The centaur hits you. The sheep barely misses you.
Firing (i - inventory. (,) - cycle):
o - 988 bolts (quivered)
Press: ? - help, Shift-Dir - straight line, f/p - cyclops
Aim: a cyclops (severely wounded)
You shoot a bolt. The bolt hits the centaur!!
You kill the centaur!
Makhleb accepts your kill.
You feel better.
The merfolk hits you from afar with a trident!
The sheep bites you but does no damage.
The cyclops throws a large rock.
The large rock hits you!!
You die...

, , , ,
8,, , , ,
▓..|[=..▓
, ,
,▓..(=}..▓
,* ,
▓....(..▓
, ,
▓.......▓
,
▓....(..▓
, , ,
..mC... *
▓.▓.)Y▓.▓
, ,
▓...@...▓
* ** *
▓▓▓▓▓▓▓▓▓
, , , ,* ,
, , ,,,, *
* , , ,, ,
, , , , ,
, , , , *
,, , ,, ,
,


You could see a merfolk, a cyclops and a sheep.

Vanquished Creatures
  A cyclops (D)
  2 jumping spiders (D)
  5 merfolk (D)
  A slime creature (D)
  A fire bat (shapeshifter) (D)
  A hippogriff (D)
  A steam dragon (shapeshifter) (D)
  A water moccasin (shapeshifter) (D)
  An eye of draining (D)
  A centaur (D)
  A scorpion (shapeshifter) (D)
  A scorpion (D)
  An adder (D)
  3 ball pythons (D)
21 creatures vanquished.

Notes
Turn   | Place    | Note
--------------------------------------------------------------
     0 | D        | patman the Deep Dwarf Warper began the quest for the Orb.
     0 | D        | Reached XP level 1. HP: 19/19 MP: 3/3
     3 | D        | Found an iron altar of Okawaru.
     3 | D        | Found a radiant altar of Vehumet.
     3 | D        | Found a shimmering altar of Xom.
     3 | D        | Found a burning altar of Makhleb.
    14 | D        | Found a deep blue altar of Sif Muna.
    17 | D        | Found a corrupted altar of Lugonu.
    17 | D        | Found a white marble altar of Elyvilon.
    17 | D        | Found a roughly hewn altar of Beogh.
    17 | D        | Found a sparkling altar of Nemelex Xobeh.
    17 | D        | Found a viscous altar of Jiyva.
    17 | D        | Found a bloodstained altar of Trog.
    82 | D        | Became a worshipper of Makhleb the Destroyer
    99 | D        | Reached skill level 8 in Crossbows
    99 | D        | Reached XP level 2. HP: 26/26 MP: 4/4
   121 | D        | Entered arena 1.
   121 | D        | Noticed an eye of draining
   121 | D        | Noticed a slime creature
   126 | D        | Killed a slime creature
   126 | D        | Reached skill level 11 in Translocations
   126 | D        | Reached XP level 3. HP: 24/32 MP: 0/5
   126 | D        | Reached XP level 4. HP: 29/39 MP: 0/6
   126 | D        | Reached XP level 5. HP: 33/45 MP: 0/7
   127 | D        | Killed an eye of draining
   127 | D        | Acquired Makhleb's first power
   127 | D        | Reached skill level 10 in Crossbows
   127 | D        | Reached XP level 6. HP: 38/52 MP: 0/8
   136 | D        | Learned a level 3 spell: Portal Projectile
   190 | D        | Entered arena 2.
   190 | D        | Noticed a scorpion
   190 | D        | Noticed a jumping spider
   190 | D        | Noticed a jumping spider
   191 | D        | Killed a jumping spider
   191 | D        | Reached skill level 12 in Crossbows
   192 | D        | Killed a scorpion
   192 | D        | Acquired Makhleb's second power
   192 | D        | Reached XP level 7. HP: 58/58 MP: 9/9
   193 | D        | Killed a jumping spider
   193 | D        | Reached skill level 14 in Crossbows
   213 | D        | Learned a level 2 spell: Blink
   218 | D        | Entered arena 3.
   218 | D        | Noticed a water moccasin
   218 | D        | Noticed a fire bat
   218 | D        | Noticed a steam dragon
   218 | D        | Noticed a mottled dragon
   218 | D        | a mottled dragon changed into a naga
   220 | D        | Killed a steam dragon
   221 | D        | Killed a water moccasin
   221 | D        | Reached skill level 15 in Crossbows
   222 | D        | Acquired Makhleb's third power
   222 | D        | Reached XP level 8. HP: 66/66 MP: 10/10
   223 | D        | Killed a fire bat
   241 | D        | Identified the Volume of the Nocuous Frostbite (You found it in the Dungeon)
   243 | D        | Entered arena 4.
   246 | D        | Acquired Makhleb's fourth power
   265 | D        | Entered arena 5.
   265 | D        | Noticed a merfolk
   265 | D        | Noticed a merfolk
   265 | D        | Noticed a merfolk
   265 | D        | Noticed a merfolk
   265 | D        | Noticed a merfolk
   268 | D        | Killed a merfolk
   268 | D        | Acquired Makhleb's fifth power
   268 | D        | Reached skill level 16 in Crossbows
   268 | D        | Identified a +1 rod of destruction (9/13)
   278 | D        | Killed a merfolk
   278 | D        | Reached skill level 17 in Crossbows
   279 | D        | Killed a merfolk
   281 | D        | HP: 3/66 [merfolk/trident (13)]
   286 | D        | Killed a merfolk
   286 | D        | Reached skill level 18 in Crossbows
   286 | D        | Gained mutation: You passively map the area around you. [Deep Dwarf growth]
   286 | D        | Reached XP level 9. HP: 38/73 MP: 11/11
   289 | D        | Killed a merfolk
   335 | D        | Entered arena 6.
   335 | D        | Noticed a centaur
   335 | D        | Noticed a merfolk
   335 | D        | Noticed a cyclops
   335 | D        | Noticed a cyclops
   335 | D        | Noticed a hippogriff
   336 | D        | Killed a cyclops
   336 | D        | Reached skill level 19 in Crossbows
   339 | D        | Killed a hippogriff
   341 | D        | Killed a centaur
   341 | D        | Hit by a large rock thrown by a cyclops

Vault maps used:
D:        sprint_v

Action                   |  1- 3 |  4- 6 |  7- 9 || total
-------------------------+-------+-------+-------++-------
 Fire: Hand crossbow     |     1 |       |       ||     1
       Heavy crossbow    |     5 |     3 |    33 ||    41
 Cast: Apportation       |       |       |     1 ||     1
Evoke: Wand              |     1 |       |       ||     1
  Use: Potion            |     1 |       |     6 ||     7
       Scroll            |       |       |     3 ||     3
